Cogmind - Beta 12 @@@ ROGUE MODE // 2023.11.08 @ 03:04:45 Player: Ev Result: Self-destructed Performance ------------- Evolutions (1) 500 Regions Visited (2) 400 Robots Destroyed (21) 105 Value Destroyed (455) 455 Prototype IDs (0) 0 Alien Tech Used (0) 0 Bonus (0) 0 TOTAL SCORE: 1460 Bonus ------- None Cogmind --------- Core Integrity 369/400 Matter 6/300 Energy 174/250 System Corruption 0% Temperature Cool (0) Movement Hovering (120) Ox1 Location -9/Materials Parts ------- > --- POWER (1) -------- Ion Engine > --- PROPULSION (3) --- Hover Unit > --- UTILITY (3) ------ Shield Generator Shield Generator > --- WEAPON (2) ------- Grenade Launcher > --- INVENTORY (5) ---- Flight Unit Heat Sink High-capacity Battery (250) Sensor Array Peak State ------------ > --- POWER ------------ Ion Engine > --- PROPULSION ------- Hover Unit Hover Unit > --- UTILITY ---------- Shield Generator Shield Generator Shield Generator > --- WEAPON ----------- Grenade Launcher Grenade Launcher > --- INVENTORY -------- Flight Unit Heat Sink High-capacity Battery Sensor Array [Rating: 11] Favorites ----------- Power Ion Engine Engine Ion Engine Propulsion Hover Unit Wheel Compact Wheel Hover Unit Hover Unit Utility Seismic Detector Device Seismic Detector Storage Small Storage Unit Weapon Assault Rifle Energy Gun Medium Laser Ballistic Gun Assault Rifle Launcher Grenade Launcher Special Weapon Mining Laser Build | -11 -10 -9 ------- Run | Jun Mat Mat Slots Evolved 2 | . . 2 Power . | . . . Propulsion 1 | . . 1 Utility 1 | . . 1 Weapon . | . . . Parts Attached 22 | 6 13 3 Power 5 | 1 4 . Engine 5 | 1 4 . Core . | . . . Reactor . | . . . Propulsion 4 | 2 2 . Treads . | . . . Leg . | . . . Wheel 2 | 2 . . Hover 2 | . 2 . Flight . | . . . Utility 7 | 1 3 3 Device 6 | . 3 3 Storage 1 | 1 . . Processor . | . . . Hackware . | . . . Protection . | . . . Artifact . | . . . Weapon 6 | 2 4 . Energy Gun 2 | 1 1 . Energy Cannon . | . . . Ballistic Gun 1 | 1 . . Ballistic Cannon . | . . . Launcher 2 | . 2 . Special Weapon 1 | . 1 . Impact Weapon . | . . . Slashing Weapon . | . . . Piercing Weapon . | . . . Special Melee Weapon . | . . . Unidentified Prototypes . | . . . Parts Lost 3 | . . 3 Power . | . . . Propulsion 1 | . . 1 Utility 1 | . . 1 Weapon 1 | . . 1 Highest Loss Streak 3 | . . 3 To Critical Strikes . | . . . Average Slot Usage (%) 91 | . 97 74 Engine 13 | . 14 11 Wheel 8 | . 11 . Hover 17 | . 16 20 Device 20 | . 19 23 Storage 4 | . 5 . Energy Gun 9 | . 12 . Ballistic Gun 9 | . 13 . Launcher 6 | . 1 20 Naked Turns . | . . . Heaviest Build 17 | 12 15 17 Greatest Support 32 | 32 32 12 Greatest Overweight (x) 2 | . . 2 Average Overweight (x) . | . . . Largest Inventory Capacity 8 | 8 8 5 Average Capacity 6 | 6 6 5 Most Carried 5 | 2 5 5 Average Carried 1 | . 1 4 Final Capacity 8 | 8 5 5 Final Carried 4 | . 4 4 Class Distribution -------------------- 69% | Mutant 30% | Scavenger-Mutant Dominant Class ---------------- Scavenger-Mutant | -10/Materials Mutant | -9/Materials Resources | -11 -10 -9 ----------- Run | Jun Mat Mat Matter Collected 430 | 207 167 56 Remotely . | . . . Salvage Created 482 | . 341 141 Parts 43 | . 19 24 Haulers Intercepted . | . . . Recyclers Shooed 1 | . 1 . Parts Field Recycled . | . . . Retrieved Matter . | . . . Parts Self-Destructed . | . . . Prevented . | . . . Kills | -11 -10 -9 ------- Run | Jun Mat Mat Combat Hostiles Destroyed 13 | . 7 6 Guns 7 | . 7 . AOE 6 | . . 6 Classes Destroyed 6 | . 2 4 Worker 2 | . . 2 Builder 2 | . . 2 Mechanic 1 | . . 1 Watcher 3 | . 1 2 Swarmer 4 | . . 4 Grunt 9 | . 7 2 Best Kill Streak 8 | . 5 8 Combat Bots Only 5 | . 2 5 Max Kills in Single Turn 3 | . 1 3 Gunslinging . | . . . Exploded 2 | . . 2 Melee . | . . . Uniques/NPCs Destroyed . | . . . Combat | -11 -10 -9 -------- Run | Jun Mat Mat Damage Taken 419 | . 190 229 Core 63 | . 32 31 Absorbed by Shields 55 | . . 55 Core Remaining (%) 93 | 100 87 . Volleys Fired 42 | . 27 15 Largest 2 | . 2 2 Hottest 100 | . 100 60 Shots Fired 75 | . 50 25 Gun 46 | . 46 . Cannon . | . . . Launcher 25 | . . 25 Special 4 | . 4 . Kinetic 23 | . 23 . Thermal 27 | . 27 . Explosive 25 | . . 25 Electromagnetic . | . . . Robot Hit Streak 6 | . 6 6 Robot Miss Streak 4 | . 4 3 Penetration Max . | . . . Secondary Targets 1 | . 1 . Max Gunslinging Chain 1 | . 1 . Shots Hit Robots 40 | . 31 9 Core Hits 42 | . 15 27 Critical Kills 1 | . 1 . Critical Parts Destroyed . | . . . Critical Strikes 2 | . 2 . Burn 1 | . 1 . Destroy 1 | . 1 . Melee Attacks . | . . . Impact . | . . . Slashing . | . . . Piercing . | . . . Sneak Attacks . | . . . Combat Hostiles . | . . . Follow-up Attacks . | . . . Damage Inflicted 1288 | . 418 870 Guns 418 | . 418 . Cannons . | . . . Explosions 870 | . . 870 Melee . | . . . Ramming . | . . . Kinetic 183 | . 183 . Thermal 235 | . 235 . Explosive 870 | . . 870 Electromagnetic . | . . . Impact . | . . . Slashing . | . . . Piercing . | . . . Highest Corruption . | . . . Average Corruption . | . . . Corruption Purged . | . . . Corruption Blocked . | . . . Overload Shots . | . . . Overflow Damage 28 | . . 28 Projectiles . | . . . Explosions 28 | . . 28 Melee . | . . . Knockbacks . | . . . Impact . | . . . Kinetic . | . . . Secondary . | . . . Self-Inflicted Damage 82 | . . 82 Shots 4 | . . 4 Rammed . | . . . Targets Rammed . | . . . Kicked . | . . . Crushed . | . . . Highest Temperature 102 | . 102 13 Average Temperature 36 | . 40 6 Received Heat Transfer 153 | . 102 51 Siege Activations . | . . . Robots Corrupted . | . . . Combat Hostiles . | . . . Parts Fried . | . . . Impact Corruptions . | . . . Robots Melted . | . . . Combat Hostiles . | . . . Parts Melted . | . . . Heat Transferred 777 | . 777 . Parts Sabotaged . | . . . Parts Stolen . | . . . Parts Stripped . | . . . Power Chain Reactions . | . . . Missiles Intercepted . | . . . Alert | -11 -10 -9 ------- Run | Jun Mat Mat Peak Influence 387 | . 233 387 Initial 98 | . . 98 Average 141 | . 116 284 Maximum Alert Level 1 | . 1 1 Low Security (%) 71 | 100 85 17 Level 1 28 | . 14 82 Level 2 . | . . . Level 3 . | . . . Level 4 . | . . . Level 5 . | . . . High Security . | . . . Max Security . | . . . Squads Dispatched 3 | . 3 . Investigation 1 | . 1 . Extermination . | . . . Reinforcement 2 | . 2 . Assault . | . . . Garrison . | . . . Intercept . | . . . Searches Triggered . | . . . Construction Impeded . | . . . Haulers Reinforced . | . . . Active Scanning Responses . | . . . Cargo Convoy Interrupts . | . . . Stealth | -11 -10 -9 --------- Run | Jun Mat Mat Distress Signals 2 | . 1 1 Communications Jammed . | . . . Distress Signals . | . . . Times Spotted 19 | . 8 11 Peak Tracking Total 4 | . 3 4 Tactical Retreats 1 | . . 1 Traps | -11 -10 -9 ------- Run | Jun Mat Mat Traps Triggered 2 | . 2 . Indirectly . | . . . Trap Hack Attempts . | . . . Triggered . | . . . Disarmed . | . . . Reprogrammed . | . . . Reused . | . . . Traps Extracted . | . . . Installed . | . . . Triggered . | . . . Machines | -11 -10 -9 ---------- Run | Jun Mat Mat Machines Disabled 1 | . . 1 Max in Single Turn 1 | . . 1 Machines Repaired . | . . . Machines Sabotaged . | . . . Overloaded Fab Kills . | . . . Hacking | -11 -10 -9 --------- Run | Jun Mat Mat Machines Accessed . | . . . Terminals . | . . . Fabricators . | . . . Repair Stations . | . . . Recycling Units . | . . . Scanalyzers . | . . . Garrison Access . | . . . Total Hacks . | . . . Successful . | . . . Failed . | . . . Catastrophic . | . . . Database Lockouts . | . . . Manual . | . . . Terminals . | . . . Fabricators . | . . . Repair Stations . | . . . Recycling Units . | . . . Scanalyzers . | . . . Garrison Access . | . . . Terminal Hacks . | . . . Fabricator Hacks . | . . . Repair Station Hacks . | . . . Recycling Unit Hacks . | . . . Scanalyzer . | . . . Garrison Access Hacks . | . . . Unauthorized Hacks . | . . . Terminals . | . . . Fabricators . | . . . Repair Stations . | . . . Recycling Units . | . . . Scanalyzers . | . . . Garrison Access . | . . . Data Cores Recovered . | . . . Used . | . . . Hacking Detections . | . . . Full Trace Events . | . . . Feedback Events . | . . . Feedback Blocked . | . . . Robot Schematics Acquired . | . . . Robots Built . | . . . Authchips . | . . . Time . | . . . Total Robot Build Rating . | . . . Part Schematics Acquired . | . . . Parts Built . | . . . Authchips . | . . . Time . | . . . Total Part Build Rating . | . . . Parts Repaired . | . . . Time . | . . . Parts Recycled . | . . . Recycled Matter . | . . . Retrieved Matter . | . . . Retrieved Components . | . . . Parts Scanalyzed . | . . . Part Schematics Acquired . | . . . Parts Damaged . | . . . Bothacking | -11 -10 -9 ------------ Run | Jun Mat Mat Used RIF Installer . | . . . Robots Hacked . | . . . Non-combat . | . . . Combat . | . . . Robot Hacks Applied . | . . . Relay Couplers Released . | . . . Fabnet Peak Effective % . | . . . Robots Rewired . | . . . Allies Hacked . | . . . Hacks Repelled . | . . . Allies | -11 -10 -9 -------- Run | Jun Mat Mat Total Allies . | . . . Largest Group . | . . . Highest-Rated Group . | . . . Highest-Rated Ally . | . . . Total Orders . | . . . Ally Attacks . | . . . Total Damage . | . . . Kills . | . . . Allies Corrupted . | . . . Allies Melted . | . . . Intel | -11 -10 -9 ------- Run | Jun Mat Mat Robot Analysis Total . | . . . Derelict Logs Recovered . | . . . Drone Launches . | . . . Drone Recoveries . | . . . Exploration | -11 -10 -9 ------------- Run | Jun Mat Mat Turns Passed 491 | 55 326 110 Spaces Moved 372 | 46 253 73 Core 6 | 6 . . Treads . | . . . Legs . | . . . Wheels 72 | 40 32 . Hover 294 | . 221 73 Flight . | . . . Fastest Speed 50 | 50 56 56 Average Speed 69 | 93 61 84 Slowest Speed 180 | 100 100 180 Overloaded Moves . | . . . Propulsion Burnouts . | . . . Robots Hopped . | . . . Cave-ins Triggered . | . . . Exploration Rate (%) 18 | 3 42 11 Regions Visited 2 Branch Regions . Pre-discovered Areas . | . . . Known Exits Taken . | . . . Unknown Exits Taken 2 | 1 1 . Scrap Searched . | . . . Spaces Dug 4 | . 4 . Terrain Destroyed 126 | . 4 122 Melee . | . . . Projectile 4 | . 4 . AOE 122 | . . 122 Terrain Rammed . | . . . Walls Destroyed . | . . . Machines Disabled . | . . . Actions | -11 -10 -9 --------- Run | Jun Mat Mat Total 519 | 57 365 97 Wait 49 | . 49 . Move 370 | 45 252 73 Hop . | . . . Pick Up 24 | 6 14 4 Fast Attach . | . . . Attach 13 | 6 4 3 Detach 1 | . 1 . Swap 9 | . 9 . Drop 11 | . 9 2 Fire 42 | . 27 15 Melee . | . . . Ram . | . . . Kick . | . . . Crush . | . . . Escape Stasis . | . . . Rewire . | . . . Trap . | . . . Miscellaneous . | . . . Route ------- -11/Junkyard -10/Materials (discovered 2 exits: [*Mat] / [*Min]) -9/Materials History --------- Turn | Location | Event 17 | -11/Junkyard | Discovered new exit (range 15) 56 | -11/Junkyard | Entered Materials 203 | -10/Materials | Discovered new exit (range 11) 322 | -10/Materials | Discovered new exit (range 10) 382 | -10/Materials | Entered another Materials area 382 | -9/Materials | Evolved 2 slots: Propulsion x1, Utility x1 492 | -9/Materials | Self-destructed Last Messages --------------- K-01 Serf destroyed. U-05 Engineer destroyed. M-13 Machinist destroyed. Acquired 28 matter. K-01 Serf collects debris. Hover Unit destroyed. Destroyed Hover Unit. Grenade Launcher destroyed. The unstable cave ceiling collapses. Sml. Matter Pod crushed. Shield Generator destroyed. K-01 Serf collects debris. The unstable cave ceiling collapses. Acquired 19 matter. The unstable cave ceiling collapses. U-05 Engineer lays Concrete. The unstable cave ceiling collapses. U-05 Engineer lays Concrete. The unstable cave ceiling collapses. U-05 Engineer lays Concrete. Map ----- +----------------------------------------------------+ | ?????????????????????????????????????????????????? | | ?????????????????????????????????????????????????? | | ?????????????????????????????????????????????????? | | ?????????????????????????????????????????????????? | | ?????????????????????????????????????????????????? | | ?????????????????????????????????????????????????? | | ?????????????????????????????????????????????????? | | ?????????????????????????#######?????????????????? | | ?????????????????????????# #?????????????????? | | ?????????????????????????# ?????????????????? | | ?????????????????????????# ?????????????????? | | ?????????????????????????# ??????????????????? | | ?????????????????????????# ??????????????????? | | ???????????????????######## #####??????????????? | | ???????????????????# # //#??????????????? | | ???????????????????# / //##?????????????? | | ???????????????????# # !! #?????????????? | | ???????????????????# # u *!! #?????????????? | | ???????????????????# **##?????????????? | | ???????????????????# # * #?????????????? | | ???????????????????###?### ##?????????????? | | ????????????????######## = ## # ##???????????? | | ????????????????# #???????????? | | ????????????????# = ##??????????? | | ????????????????# *[# #??????????? | | ????????????????# @ Y ! ??????? | | ?????????????############= #######??????? | | ?????????????# ! [ %* ?????????? | | ?????????????# !! #=! " ""????????? | | ?????????????# ! # # * # "" ""????????? | | ?????????????# ## # ## """ "?????????? | | ??????????# + ## ##?? ? ????????? | | ??????????# # ## # #??? ?? ????????? | | ??????????#??# ## ###############+????? | | ?????????????# #### # ????? | | ?????????????#####+######## # ???? | | ?????????????????# #???# # ???????? | | ?????????????????# #???#""" + #??????????????? | | ?????????????????# #???#""" # #??????????????? | | ?????????????????# #???#""" # #??????????????? | | ?????????????????# #???# # #?######???????? | | ?????????????????? #???# # #? #???????? | | ?????????????????? ????######## # #???????? | | ?????????????????? ????# # # " " #???????? | | ???????????????????????# """ + + "R" #???????? | | ???????????????????????# """ # # """ #???????? | | ???????????????????????# """ # # #???????? | | ???????????????????????# # #?######???????? | | ???????????????????????# = #####??????????????? | | ???????????????????????########??????????????????? | +----------------------------------------------------+ Best States ------------- Heat Dissipation 35 Energy Generation 10 Energy Capacity 250 Matter Stores 269 Matter Capacity 300 Sight Range 16 Terrain Scan Density 10 Evasion (%) 53 Item Schematics ----------------- None Robot Schematics ------------------ None Fabricated ------------ Nothing Alien Tech Used ----------------- None Achievements -------------- None Challenges ------------ None Game ------ Seed MobileConcussiveMegatreads Manual? 0 Play Time 00:10:48 Cumulative 4.9 hours Start 2023.11.08 @ 02:56:28 End 2023.11.08 @ 03:04:45 Sessions 1 Manual Loads 0 Difficulty Rogue Special Mode None Game No. 15 Rogue 15 Adventurer 0 Explorer 0 Win Type - Total 0 Types 0/0/0/0/0/0/0/0/0 Lore% 5 Gallery% 11 Achievement% 8 Wizard Run 0 Options --------- ASCII 0 Keyboard 0 Movement Mouse Keybinds 0 Fullscreen 1 Font 24/Smallcaps Map View 76x50 Tactical HUD 0 Map Filters NONE Filters NONE Steam 1 RUN: 59d36c2c-fb0d-410b-85e6-780d7f07946a